 Dungeon Crawl Stone Soup version 0.28.0-49-g6dfe1f597d (webtiles) character file.

Game seed: 13902045017727668027

65 CryoSword the Digger (level 4, -1/35 HPs)
             Began as a Ghoul Earth Elementalist on May 12, 2022.
             Slain by a river rat (8 damage)
             ... on level 3 of the Dungeon.
             The game lasted 00:04:12 (3013 turns).

CryoSword the Digger (Ghoul Earth Elementalist)     Turns: 3013, Time: 00:04:13

Health: -1/35      AC:  3    Str: 11    XL:     4   Next: 13%
Magic:  5/6        EV: 11    Int: 12    God:
Gold:   95         SH:  0    Dex:  9    Spells: 4/7 levels left

rFire   . . .      SeeInvis .   h - +4 short sword
rCold   + . .      Faith    .   (no shield)
rNeg    + + +      Spirit   .   i - +0 leather armour
rPois   ∞          Reflect  .   (no helmet)
rElec   .          Harm     .   (no cloak)
rCorr   .          Rampage  .   (no gloves)
Will    .....                   (no boots)
Stlth   ++........              (no amulet)
HPRegen 0.00/turn               (no ring)
MPRegen 0.10/turn               (no ring)

@: inhibited regen
A: claws 1, cold resistance 1, negative energy resistance 3, inhibited
regeneration, torment resistance 2
a: no special abilities


You were on level 3 of the Dungeon.
You visited 1 branch of the dungeon, and saw 3 of its levels.

You collected 95 gold pieces.

Inventory:

Hand Weapons
 h - a +4 short sword (weapon)
   (You found it on level 2 of the Dungeon)
Missiles
 c - 21 stones
 d - 3 poisoned darts (quivered)
Armour
 i - a +0 leather armour (worn)
   (You found it on level 1 of the Dungeon)
Scrolls
 a - a scroll of enchant weapon {unknown}
 e - a scroll of identify {@r1}
 j - a scroll of fear {unknown}
Potions
 b - a potion of flight {unknown}
 f - a potion of ambrosia
 g - a potion of attraction {unknown}
 k - a potion of brilliance {unknown}


   Skills:
 + Level 1.0 Fighting
 + Level 2.1 Dodging
 + Level 2.7 Stealth
 - Level 2.0 Spellcasting
 * Level 1.0 Conjurations
 + Level 1.2 Transmutations
 * Level 4.0 Earth Magic


You had 4 spell levels left.
You knew the following spells:

 Your Spells              Type           Power      Damage    Failure   Level
a - Sandblast             Erth           20%        2d7       7%          1
P - Passwall              Tmut/Erth      5%         N/A       19%         2

Your spell library contained the following spells:

 Spells                   Type           Power      Damage    Failure   Level
 Stone Arrow              Conj/Erth      14%        3d7       36%         3
 Petrify                  Tmut/Erth      7%         N/A       77%         4
 Summon Hydra             Summ           0%         N/A       100%        7
 Wereblood                Tmut           Unusable   N/A       N/A         2
 Sublimation of Blood     Necr           Unusable   N/A       N/A         2

Dungeon Overview and Level Annotations

Branches:
Dungeon (3/15)

Altars:

Shops:
D:1 :

Portals:
Sewer: D:3


Innate Abilities, Weirdness & Mutations

You thrive by killing the living.
You are immune to poison.
You have sharp fingernails.
Your flesh is cold resistant. (rC+)
You are immune to negative energy. (rN+++)
You do not regenerate when monsters are visible.
You are immune to unholy pain and torment.


Message History

You strike the helpless endoplasm from behind!
You hit the endoplasm. The endoplasm freezes you.
You are frozen.
You resist.
You puncture the endoplasm!
You kill the endoplasm!
Found a stone staircase leading down.
A ball python comes into view.
Found an escape hatch in the ceiling.
The ball python hisses angrily.
The ball python closely misses you. x2
The ball python bites you but does no damage.
The ball python closely misses you.
There is a stone staircase leading down here.
You hit the ball python.
You kill the ball python!
You feel better.
There is a stone staircase leading down, spattered with blood here.
Unknown command.
Found a stone staircase leading up.
There is a stone staircase leading up here.
Found a scroll labelled SIKAURUTZA.
You hear the slow rusting of a drain very nearby.
Found a dark potion.
A river rat and a ball python come into view.
A ball python comes into view.
The ball python hisses angrily.
The ball python hisses angrily.
The river rat closely misses you.
You barely miss the river rat. The ball python barely misses you.
The ball python grabs you. The ball python constricts you.
The ball python barely misses you. The ball python constricts you.
The river rat closely misses you. The ball python bites you.
You hit the ball python.
You kill the ball python!
The ball python barely misses you. The ball python closely misses you.
The river rat completely misses you.
You hit the river rat but do no damage. You claw the river rat.
The ball python closely misses you. The ball python grabs you.
The ball python constricts you. The river rat bites you.
You hit the ball python.
You kill the ball python!
The river rat bites you!
* * * LOW HITPOINT WARNING * * *
You are too injured to fight recklessly!
You are too injured to fight recklessly!
You closely miss the river rat. The river rat barely misses you.
You closely miss the river rat. The river rat barely misses you.
You closely miss the river rat. The river rat bites you.
* * * LOW HITPOINT WARNING * * *
Aim: a river rat (lightly wounded, 77% to hit)
The blast of sand hits the river rat but does no damage.
c - 25 stones The river rat completely misses you.
Aim: a river rat (lightly wounded, 77% to hit)
The blast of sand hits the river rat but does no damage.
c - 24 stones The river rat bites you but does no damage.
Aim: a river rat (lightly wounded, 77% to hit)
The blast of sand misses the river rat.
c - 23 stones The river rat closely misses you.
Aim: a river rat (lightly wounded, 77% to hit)
The blast of sand hits the river rat!
c - 22 stones The river rat bites you.
* * * LOW HITPOINT WARNING * * *
You hit the river rat.
You kill the river rat!
You feel better.
Training target 2.0 for Spellcasting reached!
Your Fighting skill increases to level 1!
Your Spellcasting skill increases to level 2!
Your Earth Magic skill increases to level 4!
You have reached level 4!
k - a dark potion You start resting.
You hear the slow rusting of a drain.
You start resting.
You start resting.
You hear the slow rusting of a drain.
You start resting.
You hear the rusting of a drain.
You start resting.
You hear the brisk rusting of a drain.
You enter the shallow water.
Moving in this stuff is going to be slow.
You open the door.
A rat, 2 river rats and a ball python come into view.
The ball python hisses angrily.
The ball python closely misses you. The ball python completely misses you.
Found a glowing drain.
Your unstable footing causes you to fumble your attack.
The ball python closely misses you. The ball python grabs you.
The ball python constricts you.
You escape the ball python's grasp.
A river rat comes into view.
You hit the ball python.
You kill the ball python!
You barely miss the rat. You hit the river rat. The river rat bites you.
The river rat bites you.
* * * LOW HITPOINT WARNING * * *
There is a stone staircase leading up here.
Throw: 8 darts (poison)
Aim: a rat (52% to hit)
You throw a poisoned dart. The poisoned dart hits the river rat.
The river rat bites you.
* * * LOW HITPOINT WARNING * * *
Throw: 7 darts (poison)
Aim: a rat (52% to hit)
You throw a poisoned dart.
The poisoned dart closely misses the river rat.
The poisoned dart closely misses the river rat.
The poisoned dart hits the river rat.
The river rat is poisoned.
The river rat bites you but does no damage.
Throw: 6 darts (poison)
Aim: a rat (52% to hit)
You throw a poisoned dart.
The poisoned dart closely misses the river rat.
The poisoned dart closely misses the river rat. x2
The poisoned dart hits the rat.
The rat is poisoned.
The river rat barely misses you.
Throw: 5 darts (poison)
Aim: a rat (poisoned, 52% to hit)
You throw a poisoned dart.
The poisoned dart closely misses the river rat.
The poisoned dart closely misses the river rat. x2
The poisoned dart closely misses the rat.
You kill the rat!
You feel better. The river rat bites you.
* * * LOW HITPOINT WARNING * * *
Throw: 4 darts (poison)
Aim: a river rat (47% to hit)
You throw a poisoned dart.
The poisoned dart closely misses the river rat.
The poisoned dart hits the river rat.
The river rat bites you.
* * * LOW HITPOINT WARNING * * *
Aim: a river rat (77% to hit)
The blast of sand misses the river rat.
The blast of sand hits the river rat.
c - 21 stones The river rat bites you!
You die...

......#.####... #.#
#.###........<. #.#
#.............. #.#
#####.#.######. #?# #.#>#
#.## #.#.#####.. #.. .
#........
########.#########........
#.....(..(rrr@.....#####.#
#.#####.##########.#
##.#####..# #...
#......rr.# #####
#≈≈.......# #.≈≈≈≈...##
#≈≈≈≈≈r..# ####+≈...# #≈≈
#≈≈..#


You could see 3 river rats.

Vanquished Creatures
  A river rat (D:3)
  2 worms
  2 dart slugs (D:1)
  6 endoplasms
  5 giant cockroaches
  5 kobolds
  7 ball pythons
  2 bats (D:2)
  3 frilled lizards
  5 goblins
  6 rats
44 creatures vanquished.

Notes
Turn   | Place    | Note
-------+----------+-------------------------------------------
     0 | D:1      | CryoSword the Ghoul Earth Elementalist began the quest for
                  | the Orb.
     0 | D:1      | Reached XP level 1. HP: 14/14 MP: 2/2
   158 | D:1      | Reached XP level 2. HP: 12/20 MP: 0/3
   619 | D:1      | Found Kidav's Book Shop.
  1617 | D:2      | Reached XP level 3. HP: 27/27 MP: 4/4
  1620 | D:2      | Learned a level 2 spell: Passwall
  1959 | D:2      | Reached skill level 1 in Transmutations
  2744 | D:3      | Reached skill level 1 in Conjurations
  2797 | D:3      | HP: 1/27 [river rat (4)]
  2799 | D:3      | Reached skill level 1 in Fighting
  2799 | D:3      | Reached skill level 4 in Earth Magic
  2799 | D:3      | Reached XP level 4. HP: 2/35 MP: 0/6
  2986 | D:3      | Found a glowing drain.
  3013 | D:3      | Slain by a river rat

Illustrated notes

Levels and vault maps discovered:
D:1:      dpeg_arrival_line_fractal, layout_loops_corners, serial_shops,
          nicolae_shop_statue_plus, serial_bayou_lagoon_b
D:2:      layout_loops_corners
D:3:      layout_loops_ring, portal_sewer_entry_e

Skill      XL: |  1  2  3 |
---------------+----------+-----
Transmutations | 1 |  1.2
Dodging        | 2 |  2.1
Conjurations   | 1 |  1.0
Fighting       | 1 |  1.0
Spellcasting   | 2 |  2.0
Earth Magic    | 4 |  4.0
Stealth        | |  2.7

Action                   |  1- 3 |  4- 6 || total
-------------------------+-------+-------++-------
Melee: Unarmed           |   107 |       ||   107
       Short sword       |    40 |     4 ||    44
       Punch             |     1 |       ||     1
Throw: Dart              |     2 |     5 ||     7
 Cast: Sandblast         |    29 |     1 ||    30
  Use: Scroll            |     4 |       ||     4
 Stab: Sleeping          |     2 |       ||     2
       Distracted        |     1 |       ||     1
Armor: Robe              |     9 |       ||     9
       Leather armour    |    36 |     1 ||    37
Dodge: Dodged            |   103 |     4 ||   107
